 Dungeon Crawl Stone Soup version 0.24.0-125-gc4c63601f3 (webtiles) character file.

Game seed: 3780848228061782081, levelgen mode: deterministic

174006 1994 the Impaler (level 18, -2/140 HPs)
             Began as a Formicid Necromancer on Feb 29, 2020.
             Was the Champion of Kikubaaqudgha.
             Killed by divine providence
             ... invoked by a meliai
              (15 damage)
             ... on level 1 of the Shoals on Mar 3, 2020.
             The game lasted 03:40:17 (41402 turns).

1994 the Impaler (Formicid Necromancer)            Turns: 41402, Time: 03:40:17

Health: -2/140     AC: 20    Str: 15    XL:     18   Next: 40%
Magic:  33/41      EV: 16    Int: 23    God:    Kikubaaqudgha [******]
Gold:   2067       SH: 20    Dex: 13    Spells: 4/37 levels left

rFire    + . .     SeeInvis +   b - +1 demon trident (venom)
rCold    . . .     Gourm    .   S - +1 large shield {AC+3}
rNeg     . . .     Faith    .   o - +0 scale mail {MR+}
rPois    +         Spirit   .   (helmet unavailable)
rElec    .         Reflect  .   f - +1 cloak {+Inv}
rCorr    +         Harm     .   z - +2 pair of gloves of the Dungeon {Regen+ rCorr Str+2}
MR       ++...                  X - +2 pair of boots {Fly}
Stlth    +++.......             I - amulet "Isyrgh" {+Rage rF+}
HPRegen  0.73/turn              y - +4 ring of evasion
MPRegen  0.27/turn              q - ring of magical power

@: flying, very slightly contaminated
A: permanent stasis, dig shafts and tunnels, four strong arms, antennae 3,
talons 2, agile 1, poison resistance
}: 1/15 runes: gossamer
a: Dig, Shaft Self, Receive Corpses, Torment, Brand Weapon With Pain, Receive
Necronomicon, Renounce Religion, Evoke Invisibility, Stop Flying


You were on level 1 of the Shoals.
You worshipped Kikubaaqudgha.
Kikubaaqudgha was exalted by your worship.
You were not hungry.

You visited 6 branches of the dungeon, and saw 29 of its levels.
You also visited: Bailey, Gauntlet and Volcano.

You collected 3416 gold pieces.
You spent 1349 gold pieces at shops.

Inventory:

Hand Weapons
 a - the +6 Majin-Bo {vamp, Archmagi MP+6 Int+6}
   (You took it off a minotaur in a Gauntlet)

   It inflicts no extra harm, but heals its wielder when it wounds a living foe.
   It affects your intelligence (+6).
   It affects your magic capacity (+6).
 b - a +1 demon trident of venom (weapon)
 p - a +2 bardiche of flaming
 W - a +1 glaive of freezing
Missiles
 Q - 2 throwing nets (quivered)
Armour
 f - a +1 cloak of invisibility (worn)
 k - +0 ice dragon scales
 o - a +0 scale mail of magic resistance (worn)
 z - the +2 pair of gloves of the Dungeon (worn) {Regen+ rCorr Str+2}
   (You found it in a volcano)

   It affects your strength (+2).
   It increases your rate of regeneration.
   It provides partial protection from all sources of acid and corrosion.
 S - a +1 large shield of protection (worn)
 X - a +2 pair of boots of flying (worn)
Jewellery
 q - a ring of magical power (right hand)
 u - an uncursed ring of positive energy
 y - a +4 ring of evasion (left hand)
 D - an uncursed ring of wizardry
 F - an uncursed ring of ice
 I - the amulet "Isyrgh" (around neck) {+Rage rF+}
   (You found it in a bailey)

   [amulet of rage]

   It protects you from fire.
   It lets you go berserk.
Wands
 d - a wand of clouds (9)
 w - a wand of acid (9)
 R - a wand of digging (9)
 T - a wand of paralysis (35)
 U - a wand of flame (18)
 Z - a wand of iceblast (25)
Scrolls
 e - 13 scrolls of identify
 j - 5 scrolls of magic mapping
 v - 7 scrolls of fog
 x - 8 scrolls of remove curse
 G - 3 scrolls of immolation
 N - a scroll of torment
 O - 2 scrolls of silence
 P - 2 scrolls of fear
 Y - a scroll of summoning
Potions
 g - 4 potions of agility
 h - 2 potions of flight
 i - 5 potions of magic
 l - 13 potions of curing
 m - 3 potions of invisibility
 n - 3 potions of might
 s - 4 potions of resistance
 t - 6 potions of brilliance
 B - 2 potions of lignification
 H - a potion of cancellation
 L - 2 potions of ambrosia
 V - 2 potions of heal wounds
Miscellaneous
 C - a lamp of fire
 K - a phantom mirror
Comestibles
 c - 45 rations


   Skills:
 + Level 12.0 Fighting
 * Level 16.5 Polearms
 - Level 9.2 Armour
 - Level 6.0 Dodging
 - Level 11.0 Stealth
 - Level 15.0 Shields
 - Level 10.0 Spellcasting
 - Level 4.0 Hexes
 - Level 7.0 Charms
 - Level 11.0 Necromancy
 + Level 2.6 Translocations
 + Level 0.0 Transmutations
 + Level 0.0 Earth Magic


You had 4 spell levels left.
You knew the following spells:

 Your Spells              Type           Power        Failure   Level  Hunger
a - Apportation           Tloc           ###...       6%          1    None
b - Passwall              Tmut/Erth      ##......     26%         2    None
c - Vampiric Draining     Necr           ######....   1%          3    None
d - Regeneration          Chrm/Necr      ######....   1%          3    None
e - Animate Dead          Necr           N/A          1%          4    #......
f - Sublimation of Blood  Necr           ######....   1%          2    None
g - Excruciating Wounds   Chrm/Necr      ######....   12%         5    ####...
h - Agony                 Necr           ######..     5%          5    ####...
i - Dispel Undead         Necr           ######..     5%          5    ####...
j - Spectral Weapon       Hex/Chrm       #####...     5%          3    None

Your spell library contained the following spells:

 Spells                   Type           Power        Failure   Level  Hunger
 Animate Skeleton         Necr           N/A          1%          1    None
 Infusion                 Chrm           ####         1%          1    None
 Pain                     Necr           ####         1%          1    None
 Song of Slaying          Chrm           #####...     1%          2    None
 Confusing Touch          Hex            ####..       3%          1    None
 Corona                   Hex            ####...      3%          1    None
 Shroud of Golubria       Chrm/Tloc      ####..       3%          2    None
 Slow                     Hex            ####....     4%          2    None
 Confuse                  Hex            ####....     10%         3    None
 Tukima's Dance           Hex            ####....     10%         3    None
 Portal Projectile        Hex/Tloc       ####..       14%         3    None
 Beastly Appendage        Tmut           ##....       17%         1    None
 Magic Dart               Conj           ##..         17%         1    None
 Sandblast                Erth           ##....       17%         1    None
 Sting                    Conj/Pois      ##..         17%         1    None
 Summon Butterflies       Summ           ##......     17%         1    None
 Summon Small Mammal      Summ           ##..         17%         1    None
 Gell's Gravitas          Tloc           ###.......   19%         3    None
 Lesser Beckoning         Tloc           ###.......   19%         3    None
 Dazzling Spray           Conj/Hex       ###...       22%         3    None
 Inner Flame              Hex/Fire       ###.....     22%         3    None
 Poisonous Vapours        Pois/Air       ##....       26%         2    None
 Searing Ray              Conj           ##....       26%         2    None
 Sticks to Snakes         Tmut           ##......     26%         2    None
 Cause Fear               Hex            ####......   32%         4    #......
 Conjure Flame            Conj/Fire      ##......     45%         3    None
 Mephitic Cloud           Conj/Pois/Air  ##......     45%         3    None
 Spider Form              Tmut/Pois      ##........   45%         3    None
 Stone Arrow              Conj/Erth      ##....       45%         3    None
 Fulminant Prism          Conj/Hex       ###.......   58%         4    #......
 Leda's Liquefaction      Hex/Erth       ###.......   58%         4    #......
 Force Lance              Conj/Tloc      ###.....     71%         4    #......
 Ice Form                 Ice/Tmut       ##......     86%         4    #......
 Iskenderun's Mystic Bla  Conj           ##......     86%         4    #......
 Olgreb's Toxic Radiance  Pois           ##......     86%         4    #......
 Petrify                  Tmut/Erth      ##......     86%         4    #......
 Iskenderun's Battlesphe  Conj/Chrm      ####....     75%         5    ####...
 Metabolic Englaciation   Hex/Ice        ###.......   91%         5    ####...
 Yara's Violent Unravell  Hex/Tmut       ###.......   91%         5    ####...
 Simulacrum               Ice/Necr       #####.....   95%         6    ######.
 Alistair's Intoxication  Tmut/Pois      ##......     99%         5    ####...
 Blade Hands              Tmut           ##........   99%         5    ####...
 Bolt of Magma            Conj/Fire/Erth ##........   99%         5    ####...
 Lee's Rapid Deconstruct  Erth           ##........   99%         5    ####...
 Venom Bolt               Conj/Pois      ##........   99%         5    ####...
 Invisibility             Hex            ####....     99%         6    ######.
 Freezing Cloud           Conj/Ice/Air   ##........   100%        6    ######.
 Iron Shot                Conj/Erth      ##........   100%        6    ######.
 Orb of Destruction       Conj           ##........   100%        7    #######
 Ring of Flames           Chrm/Fire      ####......   100%        7    #######
 Spellforged Servitor     Conj/Summ      ##........   100%        7    #######


Dungeon Overview and Level Annotations

Branches:
Dungeon (15/15)            Temple (1/1) D:6            Lair (6/6) D:11
 Shoals (1/4) Lair:3       Spider (4/4) Lair:2        Slime (0/5) Lair:6
    Orc (2/2) D:9             Elf (0/3) Orc:2        Vaults (0/5) D:13
 Depths (0/5) D:15         Bailey (visited)         Volcano (visited)
Gauntlet (visited)

Altars:
Ashenzari
Elyvilon
Fedhas
Kikubaaqudgha
Makhleb
Ru
Sif Muna
Trog
Uskayaw
The Shining One
Beogh

Shops:
D:4 *   D:5 (   D:6 *   Orc:1 :%*   Orc:2 ([*[

Annotations:
Shoals:1 1 runed translucent door


Innate Abilities, Weirdness & Mutations

You cannot be hasted, slowed, berserked, paralysed or teleported.
You can dig through walls and to a lower floor.
Your four strong arms can wield two-handed weapons with a shield.
You have a pair of large antennae on your head. (SInv)
You have razor-sharp toenails.
You are agile. (Dex +2)
Your system is resistant to poisons. (rPois)


Message History

You begin to meditate on the wall.
You continue meditating on the rock.
The meliai invokes the aid of its god against you.
Something smites you!
The elephant tramples the bush.
The elephant trunk-slaps the bush but does no damage.
The meliai mumbles some strange prayers to its god against you.
Something smites you!
* * * LOW HITPOINT WARNING * * *
The meliai hits the bush with a +0 war axe.
The meliai stings the bush but does no damage.
The elephant tramples the bush but does no damage.
The elephant trunk-slaps the bush but does no damage.
The faun hits you but does no damage.
The merfolk javelineer throws a javelin.
The javelin pierces through you!!
* * * LOW HITPOINT WARNING * * *
You continue meditating on the rock.
The meliai calls down the wrath of its god upon you.
Something smites you!
You die...
Kikubaaqudgha rasps: "You have failed me!
Welcome... death!" #≈≈≈≈≈≈≈≈≈≈≈ ...# {#........≈≈≈ .... #....≈≈≈.≈≈. ..c.. { #........≈≈.# ..≈≈≈# #........≈..# ≈ ≈≈≈≈# #...<.......# ≈≈≈ c≈Y

#..(....≈≈...
.#≈≈≈#c##..........≈≈
.≈≈P≈YP@#..##.....≈≈≈
≈≈...Ycm#.####....≈≈(
.≈≈P..Py#...#...^.≈..
.#≈≈≈#y##.≈..########
≈≈≈#≈≈. #..≈.#{ { ≈#
..Y# #....# . ≈#
##...#{{ ...≈ { #...#
##...#{ { {


You could see a merfolk javelineer, 4 elephants, 4 fauns and 2 meliai.

Vanquished Creatures
  Gastronok (Orc:1)
  Kirke (D:14)
  A fire giant (D:15)
  5 emperor scorpions
  3 ghost moths
  Nessos (D:15)
  3 entropy weavers
  A minotaur (Gauntlet)
  4 spark wasps
  Snorg (D:13)
  The ghost of Cafof the Cleaver, a journeyman FoFi of the Shining One (D:14)
  Josephine (Orc:1)
  2 vault guards (D:13)
  A catoblepas (D:14)
  3 hydras
  3 centaur warriors
  Erica (D:9)
  4 two-headed ogres
  4 death yaks (Lair:6)
  4 orc high priests
  A sixfirhy (Gauntlet)
  8 skeletal warriors
  An unseen horror (D:15)
  A wizard (D:13)
  4 necromancers (D:13)
  8 ugly things
  9 orc knights
  8 orc sorcerers
  20 orb spiders
  4 moths of wrath
  2 oklob plants (Lair:3)
  20 wolf spiders
  5 manticores
  3 cyclopes
  A guardian serpent (D:10)
  2 elephants (Lair:2)
  Maurice (D:9)
  Joseph (D:9)
  8 spiny frogs
  3 gargoyles
  4 centaur zombies
  4 black mambas
  4 torpor snails
  2 kobold demonologists (D:13)
  12 demonic crawlers
  An efreet (D:13)
  A freezing wraith (D:15)
  2 komodo dragons
  3 meliai (Spider:4)
  A queen bee (D:11)
  A wind drake (shapeshifter) (Gauntlet)
  31 jumping spiders
  6 trolls
  4 tyrant leeches (Spider:4)
  3 polar bears (Lair:6)
  11 hornets
  11 dream sheep
  2 raiju (Lair:6)
  Prince Ribbit (D:8)
  5 hippogriffs
  A harpy skeleton (Volcano)
  11 slime creatures
  9 blink frogs
  A snapping turtle (Lair:3)
  3 flying skulls (Volcano)
  Sigmund (D:4)
  2 water elementals (D:11)
  A centaur simulacrum (D:14)
  15 humans (D:13)
  A shadow (D:15)
  15 tarantellas
  A vampire (D:13)
  61 redbacks
  34 yaks
  6 wraiths
  4 wyverns
  3 basilisks
  4 hogs
  Grum (D:10)
  A vampire mosquito (D:14)
  5 wargs
  2 swamp worms (Gauntlet)
  A soldier ant (D:10)
  8 water moccasins
  9 hell hounds (Lair:6)
  A floating eye (Lair:3)
  A swamp drake (D:9)
  4 porcupines
  37 orc warriors
  8 black bears
  2 sky beasts
  An ice beast (D:8)
  A necrophage (D:13)
  2 phantoms
  9 wolves
  10 centaurs
  An eye of draining (D:8)
  6 crocodiles
  9 ogres
  A gnoll sergeant (D:13)
  11 bullfrogs
  4 earth elementals (Spider:4)
  2 scorpions
  A water moccasin skeleton (D:6)
  20 killer bees
  A troll skeleton (Volcano)
  10 electric eels
  2 howler monkeys
  5 crimson imps
  2 bullfrog zombies
  2 quasits
  8 hounds
  6 jellies
  18 orc priests
  3 bullfrog skeletons
  21 orc wizards
  A centaur skeleton (D:8)
  2 iguanas
  12 worker ants
  A hound skeleton (D:4)
  2 worker ant zombies
  An adder (shapeshifter) (Gauntlet)
  8 gnolls
  21 adders
  6 shadow imps
  6 oozes
  2 adder zombies
  2 worms
  2 dart slugs
  5 leopard geckos
  96 orcs
  3 ball pythons
  4 bats
  13 giant cockroaches
  9 goblins
  7 hobgoblins
  5 jackals (D:4)
  13 kobolds
  4 quokkas
  6 frilled lizards
  2 leopard gecko skeletons
  A quokka skeleton (D:5)
  6 rats
  A bush (D:7)
  A plant (Lair:3)
915 creatures vanquished.

Vanquished Creatures (collateral kills)
  An emperor scorpion (Spider:4)
  Erolcha (D:9)
  A catoblepas (D:14)
  2 centaur warriors
  The ghost of hitsuchi the Geomancer, a novice DDEE of Makhleb (D:9)
  3 sixfirhies (Gauntlet)
  A skeletal warrior (Volcano)
  An anaconda skeleton (Volcano)
  6 orb spiders
  7 wolf spiders
  A cyclops (D:13)
  3 elephants (Lair:2)
  A moth of wrath (Spider:2)
  A black mamba (Lair:6)
  A gargoyle (Volcano)
  7 demonic crawlers
  10 jumping spiders
  6 polar bears (Lair:6)
  2 hornets
  A slime creature (D:14)
  A blink frog (Lair:5)
  An alligator skeleton (Volcano)
  17 redbacks
  14 tarantellas
  A yak (Lair:6)
  2 humans
  A hog (D:14)
  A hungry ghost (D:11)
  A vampire mosquito (D:14)
  4 wargs
  4 hell hounds (Lair:6)
  An eye of draining (D:13)
  6 black bears (Lair:6)
  2 ogres
  7 wolves (Lair:6)
  2 crocodiles
  2 bullfrogs
  2 killer bees (D:11)
  2 electric eels
  A troll skeleton (Volcano)
  A howler monkey (D:5)
  A crimson imp (D:13)
  A centaur skeleton (D:4)
  3 gnolls
  2 adders
  An adder skeleton (D:5)
  2 orcs
  2 bats (D:3)
  A goblin (D:3)
  A hobgoblin (D:3)
  A kobold (D:3)
  2 quokkas
  A jackal zombie (D:5)
  2 plants
150 creatures vanquished.

Vanquished Creatures (others)
  A ghost moth (Spider:4)
  A tarantella (Spider:2)
  An orc warrior (D:15)
  A wyvern skeleton (D:14)
  An orc (Orc:2)
  A rat (D:3)
  4 demonic plants (Gauntlet)
  8 fungi
  32 plants
  9 spectral weapons
59 creatures vanquished.

Grand Total: 1124 creatures vanquished

Notes
Turn   | Place    | Note
-------+----------+-------------------------------------------
     0 | D:1      | 1994 the Formicid Necromancer began the quest for the Orb.
     0 | D:1      | Reached XP level 1. HP: 13/13 MP: 3/3
    25 | D:1      | Learned a level 1 spell: Animate Skeleton
   261 | D:1      | Reached XP level 2. HP: 17/20 MP: 1/5
   663 | D:1      | Reached skill level 1 in Fighting
   775 | D:1      | Reached XP level 3. HP: 14/26 MP: 2/6
  1699 | D:2      | Learned a level 3 spell: Vampiric Draining
  1792 | D:2      | Reached XP level 4. HP: 29/32 MP: 6/8
  1824 | D:2      | Found a hide-covered altar of Uskayaw.
  2265 | D:3      | Learned a level 3 spell: Regeneration
  2772 | D:3      | Reached XP level 5. HP: 35/38 MP: 4/9
  2827 | D:3      | Reached skill level 5 in Necromancy
  3057 | D:3      | Found an ancient bone altar of Kikubaaqudgha.
  3210 | D:3      | Became a worshipper of Kikubaaqudgha
  3479 | D:3      | Found a shimmering blue altar of Sif Muna.
  3765 | D:4      | Reached XP level 6. HP: 26/46 MP: 10/10
  3942 | D:4      | Found Haigog's Lightly-Used Armoury.
  4062 | D:4      | Noticed Sigmund
  4316 | D:4      | Killed Sigmund
  4316 | D:4      | Reached skill level 1 in Charms
  4316 | D:4      | Reached XP level 7. HP: 31/51 MP: 3/12
  4633 | D:4      | Learned a level 4 spell: Animate Dead
  5642 | D:5      | Entered Level 5 of the Dungeon
  5979 | D:5      | Found Naf Mich's Weapon Shop.
  5992 | D:5      | Reached * piety under Kikubaaqudgha
  5992 | D:5      | Identified Kikubaaqudgha's Tome of Evil (Kikubaaqudgha
                  | gifted it to you on level 5 of the Dungeon)
  5992 | D:5      | Received a gift from Kikubaaqudgha
  6199 | D:5      | Reached XP level 8. HP: 51/59 MP: 14/14
  6336 | D:5      | Reached skill level 5 in Stealth
  7065 | D:6      | Found a bloodstained altar of Trog.
  7642 | D:6      | Reached XP level 9. HP: 66/66 MP: 16/16
  7684 | D:6      | Found a glowing golden altar of the Shining One.
  7829 | D:6      | Found a staircase to the Ecumenical Temple.
  7835 | Temple   | Entered the Ecumenical Temple
  7882 | D:6      | Reached skill level 5 in Spellcasting
  7892 | D:6      | Found Tuyty's Assorted Antiques.
  7899 | D:6      | Bought a scroll labeled KOQAESH PIQIR for 32 gold pieces
  7899 | D:6      | Bought a scroll labeled KOQAESH PIQIR for 32 gold pieces
  7899 | D:6      | Bought a scroll labeled UFOAMY RATOPS for 32 gold pieces
  7899 | D:6      | Bought a scroll labeled WAUGRE COEXKECS for 32 gold pieces
  8549 | D:7      | Reached skill level 5 in Fighting
  8672 | D:7      | Noticed a hippogriff
  8677 | D:7      | Reached ** piety under Kikubaaqudgha
  8696 | D:7      | Killed a hippogriff
  8696 | D:7      | Reached skill level 1 in Polearms
  9123 | D:6      | Reached skill level 2 in Polearms
  9247 | D:7      | Found a shattered altar of Ashenzari.
  9283 | D:7      | Found a blossoming altar of Fedhas.
  9283 | D:7      | Found a burning altar of Makhleb.
  9432 | D:8      | Found a sacrificial altar of Ru.
  9720 | D:8      | Learned a level 2 spell: Sublimation of Blood
  9797 | D:8      | Reached skill level 3 in Polearms
 10418 | D:8      | Reached skill level 4 in Polearms
 10427 | D:8      | Reached XP level 10. HP: 65/76 MP: 18/18
 10573 | D:8      | Got a wavering tin amulet
 10577 | D:8      | Identified the amulet "Deuc Tugra" {Spirit rPois Int-5
                  | Dex+3} (You found it on level 8 of the Dungeon)
 10852 | D:9      | Reached *** piety under Kikubaaqudgha
 10852 | D:9      | Identified Kikubaaqudgha's Incunabulum of Dark Arts
                  | (Kikubaaqudgha gifted it to you on level 9 of the Dungeon)
 10852 | D:9      | Received a gift from Kikubaaqudgha
 10866 | D:9      | Found a flagged portal.
 10925 | D:9      | Learned a level 5 spell: Excruciating Wounds
 10926 | Bailey   | Entered a bailey
 11158 | Bailey   | Noticed an orc knight
 11158 | Bailey   | Noticed an orc knight
 11180 | Bailey   | Killed an orc knight
 11180 | Bailey   | Reached skill level 5 in Polearms
 11297 | Bailey   | Killed an orc knight
 11905 | Bailey   | Got a flickering tin amulet
 11943 | Bailey   | Identified the amulet "Isyrgh" {+Rage rF+} (You found it in
                  | a bailey)
 12149 | D:9      | Noticed Prince Ribbit
 12437 | D:8      | Killed Prince Ribbit
 12555 | D:9      | Reached skill level 6 in Polearms
 12656 | D:9      | Found a large runed translucent door.
 12656 | D:9      | Found a large runed translucent door.
 12657 | D:9      | Noticed hitsuchi's ghost (novice DDEE)
 12828 | D:9      | Noticed Joseph
 12851 | D:9      | Killed Joseph
 12851 | D:9      | Reached XP level 11. HP: 38/84 MP: 0/21
 12919 | D:9      | Reached skill level 5 in Charms
 13162 | D:9      | Killed hitsuchi's ghost
 13390 | D:9      | Found a staircase to the Orcish Mines.
 13593 | D:10     | Entered Level 10 of the Dungeon
 13682 | D:10     | Learned a level 5 spell: Agony
 13931 | D:10     | Reached **** piety under Kikubaaqudgha
 14180 | D:10     | Noticed Grum
 14287 | D:10     | Killed Grum
 14385 | D:10     | Reached skill level 7 in Polearms
 16110 | D:11     | Noticed a cyan ugly thing
 16127 | D:11     | Killed a cyan ugly thing
 16142 | D:11     | Reached XP level 12. HP: 92/92 MP: 7/23
 16283 | D:11     | Reached skill level 8 in Polearms
 16369 | D:11     | Noticed a two-headed ogre
 16986 | D:11     | Found a staircase to the Lair.
 16995 | D:11     | Got an ancient ring mail
 17007 | D:11     | Identified the +0 ring mail "Woulug" {rN+} (You found it on
                  | level 11 of the Dungeon)
 17248 | D:11     | Reached skill level 10 in Stealth
 17405 | D:11     | Killed a two-headed ogre
 17817 | Lair:1   | Entered Level 1 of the Lair of Beasts
 18235 | Lair:1   | Noticed a four-headed hydra
 18246 | Lair:1   | Killed a four-headed hydra
 18246 | Lair:1   | Reached skill level 9 in Polearms
 19098 | Lair:2   | Found a hole to the Spider Nest.
 19172 | Lair:2   | Noticed a five-headed hydra
 19194 | Lair:2   | Killed a five-headed hydra
 19206 | Lair:2   | Reached skill level 10 in Necromancy
 19309 | Lair:2   | Reached XP level 13. HP: 79/100 MP: 25/25
 19486 | Lair:2   | Learned a level 5 spell: Dispel Undead
 19489 | Lair:2   | Got a polished spear
 19492 | Lair:2   | Identified the +5 spear of Forced Transition {pierce, rPois
                  | rF++ rC+ Str-5} (You found it on level 2 of the Lair of
                  | Beasts)
 20230 | Lair:3   | Reached ***** piety under Kikubaaqudgha
 20493 | Lair:3   | Found a staircase to the Shoals.
 20930 | Lair:4   | Got a pair of transparent gloves
 20931 | Lair:4   | Identified the +2 pair of gloves of the Cricket {Int+4}
                  | (You found it on level 4 of the Lair of Beasts)
 21196 | Lair:4   | Found a dark tunnel.
 21275 | Volcano  | Entered a volcano
 21308 | Volcano  | Reached skill level 10 in Polearms
 21681 | Volcano  | Got a pair of smoking gloves
 21687 | Volcano  | Identified the +2 pair of gloves of the Dungeon {Regen+
                  | rCorr Str+2} (You found it in a volcano)
 21831 | Lair:4   | Reached skill level 1 in Armour
 22317 | Lair:5   | Got an ancient hand crossbow
 22318 | Lair:5   | Identified the +7 hand crossbow "Gudarel" {speed, MR- Str+3
                  | Int+5} (You found it on level 5 of the Lair of Beasts)
 23379 | Lair:6   | Entered Level 6 of the Lair of Beasts
 23478 | Lair:6   | Noticed an eight-headed hydra
 23487 | Lair:6   | Killed an eight-headed hydra
 23815 | Lair:6   | Found a staircase to the Slime Pits.
 24079 | Lair:5   | Reached XP level 14. HP: 53/109 MP: 27/27
 24256 | Lair:6   | Got a bloodstained leather armour
 24260 | Lair:6   | Identified the cursed +0 leather armour of a Labyrinth
                  | {+Fly rN+ Str-5} (You found it on level 6 of the Lair of
                  | Beasts)
 24339 | Lair:6   | Reached skill level 11 in Polearms
 24428 | Lair:6   | Reached skill level 10 in Fighting
 24656 | Lair:6   | Reached skill level 5 in Dodging
 25062 | Lair:6   | Reached skill level 5 in Armour
 26564 | D:13     | Reached ****** piety under Kikubaaqudgha
 27001 | D:13     | Reached skill level 10 in Spellcasting
 27107 | D:13     | Reached skill level 12 in Polearms
 27331 | D:13     | Reached XP level 15. HP: 112/117 MP: 29/29
 27558 | D:13     | Found a gate to the Vaults.
 27742 | D:14     | Noticed Snorg
 27836 | D:13     | Killed Snorg
 28023 | D:14     | Noticed Kirke
 28275 | D:14     | Killed Kirke
 28592 | D:14     | Reached skill level 13 in Polearms
 28801 | D:14     | Found a large runed translucent door.
 28802 | D:14     | Found a large runed translucent door.
 28802 | D:14     | Noticed Cafof's ghost (journeyman FoFi)
 28809 | D:14     | Killed Cafof's ghost
 28845 | D:14     | Identified a scroll of acquirement
 28905 | D:14     | Identified the +1 dagger "Mootzufi" {freeze, Str+5 Stlth-}
 28918 | D:14     | Reached skill level 1 in Shields
 29372 | Orc:1    | Entered Level 1 of the Orcish Mines
 29376 | Orc:1    | Noticed Maurice
 29438 | D:9      | Killed Maurice
 29460 | Orc:1    | Noticed Erolcha
 29492 | Orc:1    | Noticed Erica
 29498 | Orc:1    | Noticed Gastronok
 29509 | D:9      | Killed Erolcha
 29611 | D:9      | Killed Erica
 29630 | Orc:1    | Killed Gastronok
 29821 | Orc:1    | Found a roughly hewn altar of Beogh.
 29864 | Orc:1    | Found Ulaixiod's Assorted Antiques.
 29894 | Orc:1    | Found Eptarofo's Food Emporium.
 29898 | Orc:1    | Bought a scroll labeled CYGACI LABEKER for 26 gold pieces
 30088 | Orc:1    | Found Emmo's Book Emporium.
 30170 | Orc:1    | Noticed Josephine
 30180 | Orc:1    | Reached skill level 5 in Shields
 30204 | Orc:1    | Killed Josephine
 30435 | Orc:2    | Entered Level 2 of the Orcish Mines
 30435 | Orc:2    | Found a staircase to the Elven Halls.
 30661 | Orc:2    | Found a gate leading to a gauntlet.
 30683 | Gauntlet | Entered a Gauntlet
 30683 | Gauntlet | Found a transporter.
 30683 | Gauntlet | Found a transporter.
 30684 | Gauntlet | Found a transporter.
 30686 | Gauntlet | Found a transporter.
 30686 | Gauntlet | Found a transporter.
 30688 | Gauntlet | Found a transporter.
 30694 | Gauntlet | Found a transporter.
 30696 | Gauntlet | Found a transporter.
 30697 | Gauntlet | Found a transporter.
 30699 | Gauntlet | Found a transporter.
 30707 | Gauntlet | Noticed a balrug
 30708 | Gauntlet | Found a transporter.
 30708 | Gauntlet | Found a transporter.
 31226 | Gauntlet | Reached XP level 16. HP: 118/126 MP: 30/30
 31266 | Gauntlet | Got a bloodstained cloak
 31275 | Gauntlet | Identified the +2 cloak of Disappointment {SInv} (You found
                  | it in a Gauntlet)
 31350 | Gauntlet | Identified the amulet of Dalaibic {Harm *Drain +Fly rF+
                  | Int+6 Dex+2}
 31968 | Orc:2    | Found a roughly hewn altar of Beogh.
 32073 | Orc:2    | Gained mutation: You are dopey. (Int -2) [a neqoxec]
 32088 | Orc:2    | Gained mutation: You are clumsy. (Dex -2) [a neqoxec]
 32394 | Orc:2    | Found Gis Zotan's Armour Emporium.
 32394 | Orc:2    | Found Wierom's Antique Weapon Boutique.
 32398 | Orc:2    | Reached skill level 14 in Polearms
 32405 | Orc:2    | Found Ysutoged's Assorted Antiques.
 32405 | Orc:2    | Found Biodwocw's Armour Boutique.
 32509 | Orc:2    | Bought an iron ring for 155 gold pieces
 33027 | Lair:2   | Lost mutation: You are clumsy. (Dex -2) [potion of
                  | mutation]
 33027 | Lair:2   | Lost mutation: You are dopey. (Int -2) [potion of mutation]
 33027 | Lair:2   | Gained mutation: You have sharp toenails. [potion of
                  | mutation]
 33027 | Lair:2   | Gained mutation: Your body sometimes deteriorates upon
                  | taking damage. [potion of mutation]
 33027 | Lair:2   | Gained mutation: You have razor-sharp toenails. [potion of
                  | mutation]
 33152 | D:9      | Lost mutation: Your body sometimes deteriorates upon taking
                  | damage. [potion of mutation]
 33152 | D:9      | Gained mutation: You are agile. (Dex +2) [potion of
                  | mutation]
 33152 | D:9      | Gained mutation: Your system is resistant to poisons.
                  | (rPois) [potion of mutation]
 33276 | Spider:1 | Entered Level 1 of the Spider Nest
 33947 | Spider:1 | Reached skill level 10 in Shields
 35079 | Spider:2 | Reached XP level 17. HP: 44/131 MP: 27/31
 35926 | Orc:1    | Bought a book of Battle for 560 gold pieces
 35930 | Orc:1    | Learned a level 3 spell: Spectral Weapon
 36364 | Spider:3 | Reached skill level 1 in Hexes
 36397 | Spider:3 | Reached skill level 15 in Polearms
 37421 | Spider:4 | Entered Level 4 of the Spider Nest
 38755 | Spider:4 | Reached skill level 15 in Shields
 39009 | Spider:4 | Reached XP level 18. HP: 138/138 MP: 32/32
 39074 | Spider:4 | Reached skill level 16 in Polearms
 39355 | Spider:4 | Got a gossamer rune of Zot
 39633 | D:9      | Learned a level 1 spell: Apportation
 39755 | D:15     | Entered Level 15 of the Dungeon
 39805 | D:15     | Found a white marble altar of Elyvilon.
 40005 | D:15     | Reached skill level 1 in Translocations
 40125 | D:15     | Noticed Nessos
 40141 | D:15     | Killed Nessos
 40320 | D:15     | Found a staircase to the Depths.
 40886 | D:6      | Bought a paperback book for 480 gold pieces
 40889 | D:6      | Learned a level 2 spell: Passwall
 41314 | Shoals:1 | Entered Level 1 of the Shoals
 41332 | Shoals:1 | Found a runed translucent gate.
 41396 | Shoals:1 | Found a hide-covered altar of Uskayaw.
 41402 | Shoals:1 | Killed from afar by a meliai

Levels and vault maps discovered:
D:1:      minmay_arrival_four_houses, layout_loops_ring
D:2:      layout_basic, eat_drink_and_be_merry_uskayaw
D:3:      layout_rooms, nicolae_overflow_crystal_walls, lemuel_blue_sif_altar,
          first_ration, kennysheep_small_spiral, lemuel_flame_loot_1
D:4:      minmay_recursive_quarters, layout_basic,
          minmay_misc_feat_four_crosses, minmay_shop_damaged, uniq_sigmund
D:5:      layout_gridville, serial_shops, kennysheep_mini
D:6:      layout_loops_ring, trog_ov_bears_minmay,
          minmay_temple_entry_glassed_door, serial_shops, nicolae_shop_trees,
          basic_altar
D:7:      layout_rooms, gammafunk_temple_overflow_forgotten
D:8:      minmay_clustersquares, layout_loops_ring,
          nicolae_ru_great_annihilating_truth
D:9:      layout_gridville, erik_orc_1, enter_bailey_3,
          ebering_ghost_disaster_area, uniq_joseph, uniq_prince_ribbit1
D:10:     layout_layer_cave, nrook_guardian_serpent_ordinary, uniq_grum
D:11:     layout_cave_pools, grunt_lair_entry_orc_guard_hut, special_room
          [special_room_bee], serial_bayou, serial_bayou_shore_b,
          serial_bayou_pond_d, serial_bayou_lake_a, serial_bayou_lagoon_b,
          serial_bayou_pond_e, serial_bayou_pond_c,
          hangedman_little_slice_of_home
D:12:     layout_irregular_city
D:13:     layout_gridville, grunt_vaults_entry_tiered
D:14:     nzn_motion_control, layout_small_grid, minivault_19,
          ebering_ghost_disaster_area, minivault_4, uniq_snorg, uniq_kirke
D:15:     grunt_enter_depths_giant_problem, layout_basic, elyvilon_altar_3,
          uniq_nessos
Temple:   minmay_temple_curvy_branch
Lair:1:   layout_cave_pods
Lair:2:   layout_regular_city, dummy_spider_entry
Lair:3:   layout_chaotic_city, minmay_shoals_entry_hut, disabler_island,
          serial_bayou_shore_b, serial_bayou_shore_b, serial_bayou_shore_a
Lair:4:   layout_loops_ring, lightli_volcano_entry_magma_tube
Lair:5:   layout_cave_pods, chequers_serial_rivers_room_b, grunt_megastairs_3
Lair:6:   hangedman_lair_caniforms_friends, layout_regular_city, slime_dummy
Shoals:1: layout_shoals, gammafunk_ghost_necromancy, regret_index_shoals_crete
Spider:1: layout_spider_delve
Spider:2: nicolae_spider_hall_of_the_moth_king, guppyfry_spider_mini_1
Spider:3: layout_chambers
Spider:4: spider_rune_water, hangedman_stitches_earthworm
Orc:1:    layout_diamond_mine, serial_shops, nicolae_shop_trees, shop, shop,
          minmay_orc_temple_a, uniq_erica, uniq_josephine, uniq_gastronok,
          uniq_maurice, uniq_erolcha
Orc:2:    grunt_orc_tribal_feast, layout_diamond_mine, basic_altar,
          gauntlet_entry_generic, statue_in_the_mist_lemuel

Skill      XL: |  1  2  3  4  5  6  7  8  9 10 11 12 13 14 15 16 17 18 |
---------------+-------------------------------------------------------+-----
Fighting       | 1 2 3 4 6 7 8 9 10 11 12 | 12.0
Stealth        | 3 4 6 7 8 9 10 11 | 11.0
Spellcasting   | 3 4 5 6 7 8 9 10 | 10.0
Necromancy     | 5 6 7 8 9 10 11 | 11.0
Charms         | 1 2 3 4 6 7 |  7.0
Polearms       | 4 6 7 9 10 12 13 14 15 16 | 16.5
Dodging        | 2 4 5 6 |  6.0
Armour         | 3 7 8 9 |  9.2
Shields        | 6 12 15 | 15.0
Hexes          | 4 |  4.0
Translocations | 2 |  2.6

Action                   |  1- 3 |  4- 6 |  7- 9 | 10-12 | 13-15 | 16-18 || total
-------------------------+-------+-------+-------+-------+-------+-------++-------
Melee: Unarmed           |     4 |       |       |       |       |       ||     4
       Dagger            |    72 |   117 |   414 |   113 |       |       ||   716
       Trident           |       |       |    43 |   432 |  1831 |    18 ||  2324
       Spear             |       |       |       |   100 |     9 |   415 ||   524
       Quarterstaff      |       |       |       |       |       |   408 ||   408
       Demon trident     |       |       |       |       |       |   822 ||   822
       Glaive            |       |       |       |       |       |     4 ||     4
       Bardiche          |       |       |       |       |       |    13 ||    13
 Fire: Hunting sling     |       |       |    32 |       |       |       ||    32
Throw: Stone             |     5 |       |     1 |     3 |       |       ||     9
       Dart              |       |       |    10 |       |     1 |       ||    11
 Cast: Pain              |    23 |    26 |    78 |   330 |    57 |    10 ||   524
       Animate Skeleton  |     2 |     7 |     7 |     7 |     7 |       ||    30
       Vampiric Draining |       |     2 |    10 |    75 |    65 |    65 ||   217
       Regeneration      |       |       |     1 |    18 |   130 |   102 ||   251
       Animate Dead      |       |       |     1 |    10 |    30 |    42 ||    83
       Excruciating Woun |       |       |       |    10 |    35 |     2 ||    47
       Agony             |       |       |       |     7 |    20 |     3 ||    30
       Sublimation of Bl |       |       |       |     4 |    20 |    46 ||    70
       Dispel Undead     |       |       |       |       |    14 |    12 ||    26
       Spectral Weapon   |       |       |       |       |       |    30 ||    30
       Passwall          |       |       |       |       |       |     3 ||     3
Invok: Receive Corpses   |       |       |       |     5 |    16 |       ||    21
 Abil: Dig               |       |       |       |     1 |     7 |     4 ||    12
       Evoke Invisibilit |       |       |       |       |     1 |     1 ||     2
Evoke: Wand              |       |       |       |       |     3 |     3 ||     6
  Use: Scroll            |     4 |     4 |     8 |    10 |    16 |     5 ||    47
       Potion            |       |       |       |       |     1 |     4 ||     5
 Stab: Sleeping          |     1 |     2 |     6 |    10 |    22 |    17 ||    58
       Distracted        |       |       |     1 |     6 |    10 |    20 ||    37
       Paralysed         |       |       |     1 |       |     5 |     5 ||    11
       Invisible         |       |       |       |       |     2 |     2 ||     4
  Eat: Chunk             |     3 |     8 |    17 |    38 |    66 |    28 ||   160
       Ration            |       |       |     1 |     1 |     2 |     5 ||     9
Armor: Robe              |     5 |       |       |       |       |       ||     5
       Ring mail         |    19 |    39 |   157 |    17 |       |       ||   232
       Troll leather arm |       |       |       |   155 |    18 |       ||   173
       Ice dragon scales |       |       |       |       |   499 |   630 ||  1129
       Scale mail        |       |       |       |       |       |     4 ||     4
Dodge: Dodged            |    38 |    78 |   242 |   554 |   964 |   683 ||  2559
Block: Large shield      |       |       |       |       |       |  1448 ||  1448
